 Dungeon Crawl Stone Soup version 0.24.0-1-gfbc8707 (webtiles) character file.

Game seed: 2215164458823927472, levelgen mode: deterministic

6871 Illumine the Jinx (level 10, -3/58 HPs)
             Began as a Deep Elf Enchanter on Oct 31, 2019.
             Was a Priest of Vehumet.
             Slain by a manticore (7 damage)
             ... on level 11 of the Dungeon on Nov 1, 2019.
             The game lasted 00:40:29 (15782 turns).

Illumine the Jinx (Deep Elf Enchanter)             Turns: 15782, Time: 00:40:30

Health: -3/58      AC:  3    Str:  6    XL:     10   Next: 78%
Magic:  4/25       EV: 17    Int: 23    God:    Vehumet [***...]
Gold:   585        SH:  0    Dex: 15    Spells: 10/27 levels left

rFire    + . .     SeeInvis .   z - +3 dagger (freeze)
rCold    . . .     Gourm    +   (no shield)
rNeg     + + .     Faith    .   F - +1 robe {rN+}
rPois    .         Spirit   .   (no helmet)
rElec    .         Reflect  .   (no cloak)
rCorr    .         Harm     .   (no gloves)
MR       +....                  (no boots)
Stlth    +++.......             a - amulet of the gourmand
HPRegen  0.19/turn              v - ring of protection from fire
MPRegen  0.19/turn              y - ring of positive energy

@: barbed spikes
A: no striking features
a: Renounce Religion


You were on level 11 of the Dungeon.
You worshipped Vehumet.
Vehumet was most pleased with you.
You were very full.

You visited 2 branches of the dungeon, and saw 12 of its levels.

You collected 585 gold pieces.

Inventory:

Hand Weapons
 u - a +3 dagger
 z - a +3 dagger of freezing (weapon)
Missiles
 c - 34 poisoned darts (quivered)
 i - 4 boomerangs
 E - a throwing net
Armour
 b - a +0 robe
 l - a scarf of spirit shield
 t - a +0 buckler
 B - a +0 cloak
 F - a +1 robe of positive energy (worn)
 H - a +2 leather armour of poison resistance
Jewellery
 a - an amulet of the gourmand (around neck)
 v - a ring of protection from fire (left hand)
 y - a ring of positive energy (right hand)
Wands
 g - a wand of acid (8)
 G - a wand of digging (2)
Scrolls
 h - 3 scrolls of blinking
 j - 5 scrolls of remove curse
 k - 3 scrolls of amnesia
 r - 4 scrolls of teleportation
 s - a scroll of fog {unknown}
 A - a scroll of enchant armour {unknown}
Potions
 e - 2 potions of ambrosia
 m - 2 potions of haste
 n - 2 potions of flight
 o - a potion of agility
 p - a potion of lignification
 q - a potion of heal wounds
 w - a potion of magic
 x - a potion of might
 C - 2 potions of curing
 D - a potion of brilliance {unknown}
Comestibles
 d - 16 rations


   Skills:
 + Level 4.6 Fighting
 - Level 4.0 Short Blades
 - Level 2.4 Armour
 + Level 7.3 Dodging
 - Level 5.0 Stealth
 + Level 3.7 Shields
 + Level 9.2 Spellcasting
 + Level 6.6 Conjurations
 + Level 9.6 Hexes
 - Level 6.0 Charms
 + Level 2.8 Fire Magic


You had 10 spell levels left.
You knew the following spells:

 Your Spells              Type           Power        Failure   Level  Hunger
a - Ignite Poison         Fire/Tmut/Pois ##......     3%          3    None
b - Ensorcelled Hibernat  Hex/Ice        ####..       1%          2    None
c - Confuse               Hex            ######..     1%          3    None
d - Dazzling Spray        Conj/Hex       #####.       1%          3    None
e - Tukima's Dance        Hex            ######..     1%          3    None
f - Regeneration          Chrm/Necr      ###.......   5%          3    None

Your spell library contained the following spells:

 Spells                   Type           Power        Failure   Level  Hunger
 Corona                   Hex            ######.      1%          1    None
 Animate Skeleton         Necr           N/A          6%          1    None
 Pain                     Necr           ##..         6%          1    None
 Vampiric Draining        Necr           ##........   19%         3    None
 Animate Dead             Necr           N/A          52%         4    ##.....


Dungeon Overview and Level Annotations

Branches:
Dungeon (11/15)            Temple (1/1) D:4             Orc (0/2) D:10
   Lair: D:8-11

Altars:
Ashenzari
Cheibriados
Dithmenos
Elyvilon
Fedhas
Gozag
Hepliaklqana
Kikubaaqudgha
Makhleb
Nemelex Xobeh
Okawaru
Qazlal
Ru
Trog
Uskayaw
Vehumet
Wu Jian
Xom
Yredelemnul
Zin
The Shining One

Shops:
D:9 *

Annotations:
D:7 4 runed translucent doors
D:9 2 transporters, mopl's ghost, novice HaHu
D:10 Nergalle


Message History

Okay, then.
You feel much better.
You hit the manticore but do no damage.
The manticore is moderately wounded.
You hit the manticore but do no damage.
The manticore is moderately wounded.
The manticore misses you. The manticore claws you. x2
* * * LOW HITPOINT WARNING * * *
Unknown command.
You catch the helpless manticore completely off-guard!
You puncture the manticore! You freeze the manticore.
The manticore is severely wounded.
The manticore barely misses you. The manticore misses you.
The manticore barely misses you.
You hit the manticore. You freeze the manticore.
The manticore is almost dead.
The manticore bites you!
* * * LOW HITPOINT WARNING * * *
The manticore claws you!
You die...

....#
+##########....#
.....(.........#
...............#
.......<.......#
...............#
...............###
...........>......
..........@.......
####...>...H......
####..........#
#..........#
#..........#
#..........#
#..........#
###+##.....#


You could see a manticore (blind).

Vanquished Creatures
  Joseph (D:7)
  A hippogriff (D:7)
  14 yaks
  Grum (D:9)
  A hungry ghost (D:6)
  Menkaure (D:5)
  An orc warrior (D:7)
  2 ice beasts
  3 sky beasts
  A phantom (D:5)
  A necrophage (D:6)
  2 centaurs (D:7)
  An ogre (D:7)
  4 wolves (D:9)
  A big kobold (D:8)
  8 bullfrogs
  A gnoll sergeant (D:8)
  2 scorpions
  A centaur zombie (D:8)
  5 crimson imps
  6 orc priests
  3 hounds
  15 orc wizards
  A bullfrog skeleton (D:6)
  Crazy Yiuf (D:2)
  3 iguanas
  8 worker ants
  2 hound skeletons (D:7)
  Robin (D:2)
  7 gnolls
  18 adders
  An ooze (D:5)
  An adder zombie (D:9)
  2 adder skeletons
  3 worms
  2 dart slugs
  4 leopard geckos
  34 orcs
  2 ball pythons (D:2)
  13 giant cockroaches
  12 goblins
  4 hobgoblins
  8 jackals
  12 kobolds
  6 quokkas
  8 bats
  8 frilled lizards
  A jackal skeleton (D:7)
  6 rats
244 creatures vanquished.

Vanquished Creatures (collateral kills)
  A two-headed ogre (D:10)
  2 ogres (D:7)
  A worker ant (D:8)
  A gnoll (D:8)
5 creatures vanquished.

Vanquished Creatures (others)
  2 dancing weapons (D:8)
2 creatures vanquished.

Grand Total: 251 creatures vanquished

Notes
Turn   | Place    | Note
-------+----------+-------------------------------------------
     0 | D:1      | Illumine the Deep Elf Enchanter began the quest for the
                  | Orb.
     0 | D:1      | Reached XP level 1. HP: 10/10 MP: 6/6
   254 | D:1      | Reached XP level 2. HP: 12/15 MP: 5/8
   262 | D:1      | Learned a level 2 spell: Ensorcelled Hibernation
  1502 | D:2      | Found a shattered altar of Ashenzari.
  1504 | D:2      | Reached XP level 3. HP: 18/19 MP: 6/10
  1760 | D:2      | Noticed Robin
  1880 | D:2      | Learned a level 3 spell: Confuse
  1884 | D:2      | Learned a level 3 spell: Dazzling Spray
  2026 | D:2      | Reached skill level 5 in Hexes
  2190 | D:2      | Reached XP level 4. HP: 24/24 MP: 12/12
  2314 | D:2      | Found an ornate altar of the Wu Jian Council.
  2485 | D:2      | Killed Robin
  2485 | D:2      | Reached skill level 1 in Conjurations
  2890 | D:2      | Found a runed translucent door.
  2891 | D:2      | Noticed Crazy Yiuf
  2901 | D:2      | Killed Crazy Yiuf
  2901 | D:2      | Reached XP level 5. HP: 19/28 MP: 11/14
  3660 | D:3      | Found a snail-covered altar of Cheibriados.
  4039 | D:3      | Reached skill level 5 in Spellcasting
  4390 | D:4      | Reached XP level 6. HP: 22/32 MP: 10/15
  4488 | D:4      | Learned a level 3 spell: Tukima's Dance
  4496 | D:4      | Learned a level 3 spell: Regeneration
  4654 | D:3      | Reached skill level 5 in Stealth
  4968 | D:4      | Found a staircase to the Ecumenical Temple.
  4986 | Temple   | Entered the Ecumenical Temple
  5131 | Temple   | Became a worshipper of Vehumet
  5898 | D:5      | Entered Level 5 of the Dungeon
  5926 | D:5      | Noticed an ice beast
  5944 | D:5      | Killed an ice beast
  5944 | D:5      | Reached skill level 1 in Fighting
  5944 | D:5      | Reached XP level 7. HP: 20/38 MP: 3/17
  6420 | D:5      | Noticed Menkaure
  6436 | D:5      | Killed Menkaure
  7265 | D:6      | Found an opulent altar of Gozag.
  7515 | D:6      | Reached skill level 1 in Charms
  7524 | D:6      | Reached XP level 8. HP: 32/44 MP: 2/19
  7959 | D:6      | Found an iron altar of Okawaru.
  8176 | D:6      | Reached * piety under Vehumet
  8176 | D:6      | Offered knowledge of Sting by Vehumet.
  8457 | D:6      | Found a sacrificial altar of Ru.
  8923 | D:6      | Found a shattered altar of Ashenzari.
  9174 | D:7      | Noticed Joseph
  9631 | D:7      | Reached skill level 1 in Shields
  9739 | D:7      | Killed Joseph
  9739 | D:7      | Reached skill level 5 in Dodging
  9819 | D:7      | Reached XP level 9. HP: 48/48 MP: 12/21
 10759 | D:7      | Found a huge runed translucent gate.
 10759 | D:7      | Found a huge runed translucent gate.
 10759 | D:7      | Found a huge runed translucent gate.
 10759 | D:7      | Found a huge runed translucent gate.
 10759 | D:7      | Noticed a polar bear
 10759 | D:7      | Noticed a manticore
 10759 | D:7      | Noticed a polar bear
 10759 | D:7      | Noticed a polar bear
 10760 | D:7      | Noticed a manticore
 10760 | D:7      | Noticed a polar bear
 10761 | D:7      | Noticed a polar bear
 10761 | D:7      | Noticed a polar bear
 11095 | D:8      | Noticed a white ugly thing
 11318 | D:7      | Reached skill level 1 in Armour
 11432 | D:7      | Reached skill level 5 in Conjurations
 11966 | D:7      | Reached skill level 5 in Charms
 12104 | D:9      | Reached ** piety under Vehumet
 12122 | D:9      | Found Zin's Purification Station.
 12124 | D:9      | Found a glowing silver altar of Zin.
 12270 | D:9      | Offered knowledge of Throw Frost by Vehumet.
 12945 | D:8      | Reached XP level 10. HP: 55/55 MP: 21/24
 13106 | D:8      | Noticed a two-headed ogre
 13375 | D:8      | Found a blossoming altar of Fedhas.
 13663 | D:8      | Offered knowledge of Ignite Poison by Vehumet.
 13737 | D:8      | Learned a level 3 spell: Ignite Poison
 14017 | D:9      | Found a transporter.
 14025 | D:9      | Noticed mopl's ghost (novice HaHu)
 14064 | D:9      | Found a transporter.
 14202 | D:9      | Reached skill level 1 in Fire Magic
 14502 | D:9      | Found a glowing golden altar of the Shining One.
 14546 | D:9      | Found a shadowy altar of Dithmenos.
 14546 | D:9      | Found a faded altar of an unknown god.
 14551 | D:9      | Found a sparkling altar of Nemelex Xobeh.
 14553 | D:9      | Found a faded altar of an unknown god.
 14555 | D:9      | Found a basalt altar of Yredelemnul.
 14959 | D:9      | Reached *** piety under Vehumet
 14959 | D:9      | Noticed Grum
 14989 | D:9      | Killed Grum
 15315 | D:10     | Entered Level 10 of the Dungeon
 15371 | D:10     | Noticed a two-headed ogre
 15527 | D:10     | Found a staircase to the Orcish Mines.
 15631 | D:10     | Killed a two-headed ogre
 15742 | D:10     | Noticed Nergalle
 15769 | D:11     | Noticed a manticore
 15782 | D:11     | Slain by a manticore

Levels and vault maps discovered:
D:1:      scummos_arrival_simple_crosswalls, layout_loops_ring,
          minmay_nonomino_d4
D:2:      layout_loops_ring, overflow_temple_1_default, evilmike_ruin_ashenzari,
          uniq_crazy_yiuf_cottage, uniq_robin
D:3:      layout_basic, kennysheep_slug_shrine
D:4:      layout_rooms, minmay_temple_entry_water_ring, first_ration,
          solitary_fountain
D:5:      layout_basic, portal_sewer_entry_d, uniq_menkaure
D:6:      layout_gridville, okawaru_gym_becter, lemuel_coloured_pillars_altar,
          nicolae_ru_sacrificial_ziggurat, grunt_gozag_statues
D:7:      lemuel_bear_cage, layout_layer_cave, tgw_sif, st_stairs_5,
          grunt_ogre_cave, uniq_joseph
D:8:      minmay_recursive_quarters, layout_basic, lemuel_round_altar
D:9:      layout_long_grid, chequers_temple_overflow_minitemple,
          tso_oasis_becter, zin_purify, gammafunk_ghost_stat_death, uniq_grum
D:10:     layout_loops_cross, orc_0_dummy, uniq_nergalle
D:11:     layout_irregular_city, dpeg_oklobed_lair, corexii_leaking_fountain,
          minmay_the_grid_square_5x5_3x3_mashed
          [minmay_the_grid_square_5x5_empty, minmay_the_grid_square_5x5_dogpile,
          minmay_the_grid_square_5x5_longway, minmay_the_grid_square_5x5_seven,
          minmay_the_grid_square_5x5_megaprize_diamond,
          minmay_the_grid_square_5x5_fancy_junction,
          minmay_the_grid_square_5x5_n_small,
          minmay_the_grid_square_5x5_bracketed,
          minmay_the_grid_square_5x5_almost_minimal], uniq_psyche
Temple:   nicolae_temple_figure_zero

Skill      XL: |  1  2  3  4  5  6  7  8  9 10 |
---------------+-------------------------------+-----
Spellcasting   | 4 5 6 7 8 9 |  9.2
Stealth        | 4 5 |  5.0
Hexes          | 5 6 7 8 9 |  9.6
Conjurations   | 1 2 3 4 5 6 |  6.6
Short Blades   | 2 3 4 |  4.0
Fighting       | 1 2 3 4 |  4.6
Dodging        | 3 5 6 7 |  7.3
Charms         | 1 4 5 6 |  6.0
Shields        | 1 2 3 |  3.7
Armour         | 2 |  2.4
Fire Magic     | 2 |  2.8

Action                   |  1- 3 |  4- 6 |  7- 9 | 10-12 || total
-------------------------+-------+-------+-------+-------++-------
Melee: Dagger            |    74 |   131 |   196 |    84 ||   485
 Fire: Hunting sling     |       |     4 |     3 |       ||     7
 Cast: Corona            |     8 |       |       |       ||     8
       Ensorcelled Hiber |    26 |    64 |    76 |    48 ||   214
       Dazzling Spray    |       |    20 |    78 |    38 ||   136
       Confuse           |       |     4 |    40 |    21 ||    65
       Tukima's Dance    |       |       |     6 |     6 ||    12
  Use: Scroll            |     2 |     6 |     7 |     1 ||    16
       Potion            |       |     1 |       |     1 ||     2
 Stab: Sleeping          |    21 |    43 |    45 |    28 ||   137
       Confused          |       |     2 |    14 |     6 ||    22
       Distracted        |       |     1 |       |       ||     1
       Invisible         |       |     2 |     6 |     2 ||    10
  Eat: Chunk             |     1 |    12 |    24 |    15 ||    52
       Ration            |     1 |     1 |     1 |       ||     3
Armor: Robe              |    13 |    15 |    19 |     8 ||    55
       Leather armour    |       |       |     2 |       ||     2
Dodge: Dodged            |    76 |   108 |   173 |    83 ||   440
